 Dungeon Crawl Stone Soup version 0.19.1-1-g22dce08 (webtiles) character file.

189 somonday the Stinger (level 5, 0/31 HPs)
             Began as an Octopode Wizard on Jan 18, 2017.
             Slain by dscm's ghost (12 damage)
             ... on level 4 of the Dungeon.
             The game lasted 00:21:19 (2709 turns).

somonday the Stinger (Octopode Wizard)              Turns: 2709, Time: 00:21:20

Health: 0/31       AC:  1    Str:  9    XL:     5   Next: 68%
Magic:  7/9        EV: 13    Int: 22    God:
Gold:   163        SH:  0    Dex: 10    Spells: 2 memorised, 6 levels left

rFire  . . .     SeeInvis .     g - +0 dagger
rCold  . . .     Gourm    .     (no shield)
rNeg   . . .     Faith    .     a - +0 hat
rPois  .         Spirit   .     (no amulet)
rElec  .         Reflect  .     d - +3 ring of strength
rCorr  .         Harm     .     k - ring of stealth
MR     .....                    (no ring)
Stlth  ++++......               (no ring)
                                (no ring)
                                (no ring)
                                (no ring)
                                (no ring)

@: lethally poisoned (0 -> -4)
A: almost no armour, stealthy swim, amphibious, 8 rings, constrict 8, camouflage
1, gelatinous body 1
a: no special abilities


You were on level 4 of the Dungeon.
You were not hungry.

You visited 1 branch of the dungeon, and saw 4 of its levels.

You collected 163 gold pieces.

Inventory:

Hand Weapons
 g - a +0 dagger (weapon)
Armour
 a - a +0 hat (worn)
Jewellery
 d - a +3 ring of strength (left tentacle)
 k - a ring of stealth (right tentacle)
Scrolls
 h - 6 scrolls of identify {unknown}
 i - 2 scrolls of teleportation {unknown}
 j - a scroll of enchant armour {unknown}
 l - a scroll of remove curse {unknown}
 m - a scroll of blinking {unknown}
 o - 2 scrolls of magic mapping {unknown}
 t - 3 scrolls of noise {unknown}
Potions
 q - a potion of resistance {unknown}
 r - 3 potions of brilliance
 s - a potion of cancellation {unknown}
 v - a potion of haste {unknown}
Books
 b - a book of Minor Magic

   Spells                             Type                      Level
   a - Magic Dart                     Conjuration                  1
   b - Blink                          Translocation                2
   c - Call Imp                       Summoning                    2
   d - Repel Missiles                 Charms/Air                   2
   e - Slow                           Hexes                        2
   f - Conjure Flame                  Conjuration/Fire             3
   g - Mephitic Cloud                 Conjuration/Poison/Air       3
 x - a book of Conjurations

   Spells                             Type                      Level
   a - Magic Dart                     Conjuration                  1
   b - Searing Ray                    Conjuration                  2
   c - Dazzling Spray                 Conjuration/Hexes            3
   d - Fulminant Prism                Conjuration/Hexes            4
   e - Iskenderun's Mystic Blast      Conjuration                  4
   f - Iskenderun's Battlesphere      Conjuration/Charms           5
Comestibles
 c - 3 bread rations
 f - 4 meat rations
 n - a slice of pizza
 p - a beef jerky
 u - 5 fruits


   Skills:
 - Level 1.0 Short Blades
 - Level 2.0 Dodging
 - Level 2.6 Stealth
 - Level 3.0 Spellcasting
 - Level 3.5 Conjurations
   Level 1.0 Summonings
   Level 1.0 Translocations
 + Level 4.2 Poison Magic


You had 6 spell levels left.
You knew the following spells:

 Your Spells              Type           Power        Failure   Level  Hunger
a - Magic Dart            Conj           ###.         3%          1    None
b - Mephitic Cloud        Conj/Pois/Air  ##......     14%         3    ###....


Dungeon Overview and Level Annotations

Branches:
Dungeon (4/15)
 Temple: D:4-7

Altars:
Fedhas
Uskayaw

Annotations:
D:4 dscm's ghost, amateur FoFi


Innate Abilities, Weirdness & Mutations

You cannot wear most types of armour.
You are very stealthy in the water. (Stealth+)
You are amphibious.
You can wear up to eight rings at the same time.
You can use your tentacles to constrict eight enemies at once.
Your skin changes colour to match your surroundings (Stealth+).
Your rubbery body absorbs attacks. (AC +1, EV +1)


Message History

You are poisoned.
The worker ant poisons you!
Casting: Magic Dart
Confirm with . or Enter, or press ? or * to list all spells.
You don't know that spell.
You feel sick. Dscm's ghost hits you. The worker ant barely misses you.
Casting: Magic Dart
Confirm with . or Enter, or press ? or * to list all spells.
Okay, then.
You feel sick. Dscm's ghost barely misses you.
You feel sick. Dscm's ghost closely misses you.
The worker ant barely misses you.
You feel sick.
A worker ant comes into view.
You feel sick.
You feel sick.
You feel sick.
There is a stone staircase leading up here.
You feel sick. Dscm's ghost hits you!
You die...

## ..#
##########..#.#
#@Wa.ao.......#
#######.#.#.##
#...#.# ##.###.
#.o#.. #a.#.#
#.##.######
#..o......#
####......#


You could see 2 worker ants, dscm's ghost and an orc.

Vanquished Creatures
  An orc priest (D:3)
  An orc wizard (D:3)
  6 adders
  3 dart slugs
  3 leopard geckos
  5 orcs
  2 ball pythons (D:3)
  2 giant cockroaches
  6 hobgoblins
  6 jackals (D:3)
  10 bats
  2 frilled lizards
  8 goblins
  5 kobolds
  3 rats
63 creatures vanquished.

Vanquished Creatures (others)
  A toadstool (D:2)
1 creature vanquished.

Grand Total: 64 creatures vanquished

Notes
Turn   | Place    | Note
-------+----------+-------------------------------------------
     0 | D:1      | somonday the Octopode Wizard began the quest for the Orb.
     0 | D:1      | Reached XP level 1. HP: 11/11 MP: 4/4
   283 | D:1      | Reached XP level 2. HP: 17/17 MP: 1/6
   885 | D:2      | Reached XP level 3. HP: 20/21 MP: 2/7
   915 | D:2      | Reached skill level 1 in Short Blades
  1031 | D:2      | Learned a level 3 spell: Mephitic Cloud
  1055 | D:2      | Found a blossoming altar of Fedhas.
  1061 | D:2      | Became a worshipper of Fedhas Madash
  1405 | D:2      | Reached XP level 4. HP: 27/27 MP: 3/8
  1589 | D:3      | Found a hide-covered altar of Uskayaw.
  1603 | D:3      | Reached skill level 1 in Poison Magic
  1850 | D:3      | Reached skill level 2 in Poison Magic
  2201 | D:3      | Reached skill level 3 in Poison Magic
  2201 | D:3      | Reached XP level 5. HP: 20/31 MP: 4/9
  2208 | D:3      | Reached skill level 4 in Poison Magic
  2408 | D:3      | Fell from the grace of Fedhas
  2694 | D:4      | Noticed dscm's ghost (amateur FoFi)
  2709 | D:4      | Slain by dscm's ghost

Skill      XL: |  1  2  3  4  5 |
---------------+----------------+-----
Conjurations   | 2 3 |  3.5
Short Blades   | 1 |  1.0
Poison Magic   | 3 4 |  4.2
Dodging        | |  2.0
Stealth        | |  2.6
Spellcasting   | |  3.0
Summonings     | |  1.0
Translocations | |  1.0

Action                   |  1- 3 |  4- 6 || total
-------------------------+-------+-------++-------
Melee: Dagger            |     4 |    61 ||    65
       Constrict         |     2 |    14 ||    16
       Tentacles         |     2 |     8 ||    10
 Cast: Magic Dart        |    62 |    45 ||   107
       Mephitic Cloud    |       |     9 ||     9
Invok: Fungal Bloom      |     1 |       ||     1
       Renounce Religion |       |     1 ||     1
  Use: Potion            |       |     2 ||     2
 Stab: Confused          |       |     4 ||     4
  Eat: Chunk             |     1 |     5 ||     6
Armor: Skin              |     2 |    12 ||    14
Dodge: Dodged            |     6 |    75 ||    81
